 Dungeon Crawl Stone Soup version 0.31-a0-1576-ga3383bade6 (webtiles) character file.

Game seed: 3887329754693224502

218 Newt the Ducker (level 5, 0/44 HPs)
             Began as a Merfolk Gladiator on Jan 4, 2024.
             Slain by a killer bee (5 damage)
             ... on level 7 of the Dungeon.
             The game lasted 00:02:53 (2789 turns).

Newt the Ducker (Merfolk Gladiator)                 Turns: 2789, Time: 00:02:53

Health: 0/44       AC:  5    Str: 14    XL:     5   Next: 95%
Magic:  5/5        EV: 16    Int:  8    God:
Gold:   112        SH:  0    Dex: 23    Spells: 4/4 levels left

rFire   . . .        k - +5 broad axe
rCold   . . .        h - orb {light}
rNeg    . . .        b - +0 leather armour
rPois   .            c - +1 helmet
rElec   .            (no cloak)
rCorr   .            (no gloves)
SInv    .            (no boots)
Will    .....        (no amulet)
Stlth   +            l - +6 ring of dexterity
HPRegen 0.27/turn    (no ring)
MPRegen 0.09/turn

%: no passive effects
@: lethally poisoned (0 -> -7), glowing
A: (nimble swimmer 2), mertail
a: no special abilities


You were on level 7 of the Dungeon.
You visited 1 branch of the dungeon, and saw 5 of its levels.

You collected 112 gold pieces.

Inventory:

Hand Weapons
 a - a +0 trident
 f - a +3 short sword
 k - a +5 broad axe (weapon)
Missiles
 d - 3 throwing nets (quivered)
 e - a javelin
Armour
 b - a +0 leather armour (worn)
 c - a +1 helmet (worn)
 h - an orb of light (worn)
Jewellery
 l - a +6 ring of dexterity (left hand)
 n - a ring of flight
Wands
 g - a wand of mindburst (10)
Scrolls
 i - 2 scrolls of teleportation
Potions
 j - a potion of enlightenment
 m - a potion of ambrosia {unknown}
 o - a potion of haste {unknown}
 p - a potion of heal wounds {unknown}
 q - a potion of degeneration {unknown}
 r - a potion of curing {unknown}


   Skills:
 - Level 5.0 Fighting
 - Level 4.0 Polearms
 - Level 2.0 Throwing
 + Level 6.5 Dodging


You had 4 spell levels left.
You didn't know any spells.
Your spell library contained the following spells:

 Spells                   Type           Power      Damage    Failure   Level
 Lesser Beckoning         Tloc           0%         N/A       63%         2
 Gell's Gravitas          Tloc           0%         N/A       86%         3
 Teleport Other           Tloc           0%         N/A       86%         3
 Tukima's Dance           Hex            0%         N/A       86%         3
 Dimensional Bullseye     Hex/Tloc       0%         N/A       99%         4
 Iskenderun's Mystic Bla  Conj/Tloc      0%         2d3       99%         4


Dungeon Overview and Level Annotations

Branches:
Dungeon (4/15)
 Temple: D:4-7

Altars:
Wu Jian
The Shining One

Shops:
D:1 =


Innate Abilities, Weirdness & Mutations

((You are very nimble when in or above water. (Stealth+, EV+, Speed+++)))
Your lower body shifts to a powerful aquatic tail in water.


Message History

The killer bee is severely wounded.
The killer bee barely misses you. The killer bee closely misses you.
You slash the killer bee!
The killer bee is heavily wounded.
A killer bee comes into view.
The killer bee stings you.
The killer bee stings you but does no damage.
You hit the killer bee.
The killer bee is severely wounded.
The killer bee closely misses you. x2
The killer bee stings you but does no damage.
You miss the killer bee.
The killer bee is severely wounded.
The killer bee misses you. The killer bee barely misses you.
The killer bee stings you but does no damage.
You slash the killer bee!
You kill the killer bee!
The killer bee stings you.
You are poisoned.
The killer bee poisons you! The killer bee stings you.
You hit the killer bee but do no damage.
The killer bee is severely wounded.
You feel very sick. The killer bee stings you.
The killer bee closely misses you. The killer bee stings you.
You are more poisoned.
The killer bee poisons you!
You hit the killer bee.
You kill the killer bee!
You feel very sick. The killer bee closely misses you.
The killer bee stings you!
* * * LOW HITPOINT WARNING * * *
Your Dodging skill increases to level 6!
Unknown command.
You barely miss the killer bee.
You feel very sick. The killer bee stings you.
* * * LOW HITPOINT WARNING * * *
The killer bee stings you.
You die...

...#
#########..#
#...#...#..#
#@#.#.#.#..#
#y#.#.#.#..#
#y#.#.#.#..#
#.#.#.#.#..#
#.#.#.#.#..#
#.#.#.#.#.##
..#...#...#
#########.#
.........#


You could see 2 killer bees.

Vanquished Creatures
  2 killer bees (D:7)
  Terence (D:2)
  3 adders
  4 dart slugs
  An orc (D:4)
  7 endoplasms
  5 giant cockroaches
  9 goblins
  7 hobgoblins
  2 quokkas (D:2)
  4 ball pythons
  6 bats
  7 frilled lizards
  5 kobolds
  8 rats
71 creatures vanquished.

Notes
Turn   | Place    | Note
-------+----------+-------------------------------------------
     0 | D:1      | Newt the Merfolk Gladiator began the quest for the Orb.
     0 | D:1      | Reached XP level 1. HP: 16/16 MP: 1/1
    75 | D:1      | Reached XP level 2. HP: 21/23 MP: 2/2
   459 | D:1      | Found Ukyasure's Jewellery Shop.
   463 | D:1      | Reached XP level 3. HP: 25/30 MP: 3/3
  1018 | D:2      | Noticed Terence
  1031 | D:2      | Killed Terence
  1032 | D:2      | Reached XP level 4. HP: 13/38 MP: 4/4
  1157 | D:2      | Reached skill level 5 in Fighting
  1733 | D:3      | Found a faded altar of an unknown god.
  2072 | D:3      | Found an ornate altar of the Wu Jian Council.
  2101 | D:3      | Reached XP level 5. HP: 44/44 MP: 5/5
  2304 | D:3      | Reached skill level 5 in Dodging
  2320 | D:3      | Found a glowing golden altar of the Shining One.
  2748 | D:4      | You fall into a shaft and drop 3 floors!
  2789 | D:7      | Reached skill level 6 in Dodging
  2789 | D:7      | Slain by a killer bee

Illustrated notes

Levels and vault maps discovered:
D:1:      amcnicky_arrival_blooded_trapdoor, layout_basic, serial_shops, shop
D:2:      layout_loops_ring, corner_web_ring, minmay_misc_feat_diagonals,
          glass_columns_c, serial_bayou_lake_a, uniq_terence
D:3:      layout_loops_ring, mainiacjoe_overflow_tiny_flanked,
          nicolae_tso_swordbearing_angel, shapermc_ecumenical_altar_flowoftime,
          chequers_serial_rivers_micro_e
D:4:      layout_rooms, uniq_robin
D:7:      layout_basic, slow_altar_1, gammafunk_temple_overflow_elements,
          serial_bayou_pond_c, minivault_27

Skill      XL: |  1  2  3  4  5 |
---------------+----------------+-----
Fighting       | 3 4 5 |  5.0
Dodging        | 6 |  6.5
Polearms       | |  4.0
Throwing       | |  2.0

Action                     |  1- 3 |  4- 6 || total
---------------------------+-------+-------++-------
  Melee: Trident           |    33 |       ||    33
         Short sword       |    56 |       ||    56
         Broad axe         |    17 |    73 ||    90
         Tailslap          |     1 |       ||     1
    Use: Scroll            |       |     5 ||     5
   Stab: Sleeping          |     4 |     1 ||     5
 Armour: Leather armour    |    38 |    47 ||    85
  Dodge: Dodged            |    92 |    57 ||   149

Table legend: (Time is in decaauts)
 A = Elapsed time spent in this place.
 B = Non-inter-level travel time spent in this place.
 C = Inter-level travel time spent in this place.
 D = Time resting spent in this place.
 E = Time spent auto-exploring this place.
 F = Levels seen in this place.
 G = Mean time per level.
                   A        B        C        D        E       F      G
               +--------+--------+--------+--------+--------+-----+--------+
         Total |   2819 |   2731 |     88 |     98 |   2147 |   5 |  563.8 |
       Dungeon |   2819 |   2731 |     88 |     98 |   2147 |   5 |  563.8 |
               +--------+--------+--------+--------+--------+-----+--------+

Top non-repeatable levels by time:
     D:3: 1053 daAuts
     D:1: 866 daAuts
     D:2: 806 daAuts
     D:4: 48 daAuts
     D:7: 44 daAuts
